 Dungeon Crawl Stone Soup version 0.17.0-28-g6e173f8 (webtiles) character file.

63 dorian the Conjurer (level 4, -6/27 HPs)
             Began as an Octopode Conjurer on Dec 1, 2015.
             Killed from afar by dorian's ghost (9 damage)
             ... with a magic dart
             ... on level 3 of the Dungeon.
             The game lasted 00:03:54 (1881 turns).

dorian the Conjurer (Octopode Conjurer)             Turns: 1881, Time: 00:03:54

Health: -6/27      AC:  1    Str:  7    XL:     4   Next: 9%
Magic:  1/8        EV: 12    Int: 18    God:
Gold:   178        SH:  0    Dex: 12    Spells: 2 memorised, 5 levels left

rFire  . . .     SeeInvis .     (no weapon)
rCold  . . .     Clarity  .     (no shield)
rNeg   + . .     SustAt   .     (helmet restricted)
rPois  .         Gourm    .     (no amulet)
rElec  .         Spirit   .     m - ring of positive energy
rCorr  .         Warding  .     (no ring)
rMut   .         Stasis   .     (no ring)
MR     .....                    (no ring)
Stlth  +++.......               (no ring)
                                (no ring)
                                (no ring)
                                (no ring)

@: not resistant to hostile enchantments, fairly stealthy
A: almost no armour, amphibious, 8 rings, constrict 8, camouflage 1, gelatinous
body 1
a: no special abilities


You were on level 3 of the Dungeon.
You were very hungry.

You visited 1 branch of the dungeon, and saw 3 of its levels.

You collected 178 gold pieces.

Inventory:

Jewellery
 m - a ring of positive energy (left tentacle)
Scrolls
 c - a scroll of identify {unknown}
 e - a scroll of noise {unknown}
 g - a scroll of fog {unknown}
 i - a scroll of recharging {unknown}
 k - a scroll of enchant weapon {unknown}
 l - a scroll of remove curse {unknown}
 n - a scroll of enchant armour {unknown}
 s - a scroll of amnesia {unknown}
Potions
 f - a potion of flight {unknown}
 h - a potion of ambrosia {unknown}
 j - 2 potions of curing {unknown}
 o - a potion of lignification {unknown}
 p - 2 potions of haste {unknown}
 q - a potion of degeneration {unknown}
 r - a potion of brilliance {unknown}
Books
 a - a book of Conjurations

   Spells                             Type                      Level
   a - Magic Dart                     Conjuration                  1
   b - Searing Ray                    Conjuration                  2
   c - Dazzling Spray                 Conjuration/Hexes            3
   d - Fulminant Prism                Conjuration/Hexes            4
   e - Iskenderun's Mystic Blast      Conjuration                  4
   f - Iskenderun's Battlesphere      Conjuration/Charms           5
Comestibles
 b - 4 bread rations
 d - a beef jerky


   Skills:
 - Level 2.0 Dodging
 - Level 2.6 Stealth
 + Level 2.6 Spellcasting
 * Level 5.1 Conjurations


You had 5 spell levels left.
You knew the following spells:

 Your Spells              Type           Power        Failure   Level  Hunger
a - Magic Dart            Conj           ###.         1%          1    #......
b - Searing Ray           Conj           ###...       3%          2    ##.....


Dungeon Overview and Level Annotations

Branches:
Dungeon (3/15)

Altars:

Annotations:
D:3 dorian's ghost, amateur OpCj


Innate Abilities, Weirdness & Mutations

You cannot wear most types of armour.
You are amphibious.
You can wear up to eight rings at the same time.
You can use your tentacles to constrict eight enemies at once.
Your skin changes colour to match your surroundings (Stealth).
Your rubbery body absorbs attacks (AC +1).


Message History

Aiming: Magic Dart
Press: ? - help, Shift-Dir - straight line, f/p - dorian's ghost
Aim: dorian's ghost, wielding a weapon of venom (moderately damaged)
The magic dart hits dorian's ghost.
Dorian's ghost is moderately damaged.
Casting: Magic Dart
Confirm with . or Enter, or press ? or * to list all spells.
Aiming: Searing Ray
Press: ? - help, Shift-Dir - straight line, f/p - dorian's ghost
Aim: dorian's ghost, wielding a weapon of venom (moderately damaged)
The searing ray misses dorian's ghost.
The searing ray misses dorian's ghost.
The searing ray misses dorian's ghost.
Dorian's ghost stares at you and mumbles some strange words.
The magic dart hits you!
* * * LOW HITPOINT WARNING * * *
There is an open door here.
Dorian's ghost casts a spell at you. The magic dart hits you!
You die...

#.....#.............#
#.....#.............#. .#######
..................). ........
##.##.............# #...###
####.................# #...###
#........###.........#####......
#........# #.........#...#......
#........# ####..........#......
#........# #@.........#......
#...W....# #..........######.
#......########..........#....#.
#....>........W.................
###..%....#####..........#.##...
#.......# #.......##....#...
#........... #.......##........
#...#.#...... #.......>.........
...r..#......#########.......#..


You could see dorian's ghost.

Vanquished Creatures
  3 adders
  2 worms (D:2)
  A ball python (D:2)
  5 giant cockroaches
  3 hobgoblins (D:1)
  2 kobolds (D:2)
  A quokka (D:3)
  5 bats
  2 giant newts
  3 goblins
  6 rats
33 creatures vanquished.

Notes
Turn   | Place    | Note
--------------------------------------------------------------
     0 | D:1      | dorian the Octopode Conjurer began the quest for the Orb.
     0 | D:1      | Reached XP level 1. HP: 11/11 MP: 3/3
   284 | D:1      | Reached XP level 2. HP: 17/17 MP: 3/5
   844 | D:2      | Reached XP level 3. HP: 21/21 MP: 3/6
  1564 | D:3      | Reached skill level 5 in Conjurations
  1576 | D:3      | Noticed dorian's ghost (amateur OpCj)
  1620 | D:2      | Learned a level 2 spell: Searing Ray
  1636 | D:3      | Reached XP level 4. HP: 23/27 MP: 1/8
  1881 | D:3      | Killed from afar by dorian's ghost

Action                   |  1- 3 |  4- 6 || total
-------------------------+-------+-------++-------
Melee: Unarmed           |    22 |       ||    22
 Cast: Magic Dart        |    55 |     5 ||    60
       Searing Ray       |       |     1 ||     1
 Stab: Sleeping          |     2 |       ||     2
  Eat: Chunk             |     2 |       ||     2
